 Dungeon Crawl Stone Soup version 0.15.0-18-g9076a4f (console) character file.

85 gw the Skirmisher (level 4, -1/38 HPs)
             Began as a Draconian Fighter on Sept 6, 2014.
             Killed by nerve-wracking pain
             ... invoked by Jessica
              (4 damage)
             ... on Level 2 of the Dungeon.
             The game lasted 00:01:09 (2076 turns).

gw the Skirmisher (Draconian Fighter)               Turns: 2076, Time: 00:01:09

HP  -1/38        AC  7     Str 18      XL: 4   Next: 25%
MP   4/4         EV 13     Int  8      God:
Gold 0           SH  0     Dex 12      Spells:  0 memorised,  3 levels left

rFire  . . .     SeeInvis .     a - +0 long sword
rCold  . . .     Clarity  .     (armour unavailable)
rNeg   . . .     rCorr    .     (no shield)
rPois  .         rRot     .     (helmet restricted)
rElec  .         Spirit   .     (no cloak)
SustAb .         Warding  .     b - +0 pair of gloves
rMut   .         Stasis   .     d - +0 pair of boots
Gourm  .                        (no amulet)
MR     .....                    (no ring)
                                (no ring)

@: lethally poisoned, not resistant to hostile enchantments, very unstealthy
A: unfitting armour, cold-blooded, AC +5
a: no special abilities


You were on level 2 of the Dungeon.
You were very hungry.

You visited 1 branch of the dungeon, and saw 2 of its levels.

Inventory:

Hand weapons
 a - a +0 long sword (weapon)
Missiles
 h - 11 stones (quivered)
Armour
 b - a +0 pair of gloves (worn)
 d - a +0 pair of boots (worn)
Magical devices
 j - a wand of slowing (11) {unknown}
Comestibles
 f - a bread ration
 i - a slice of pizza
Scrolls
 c - a scroll of magic mapping {unknown}
 e - a scroll of remove curse {unknown}
 g - a scroll of identify


   Skills:
 + Level 3.5 Fighting
 * Level 3.3 Long Blades
 + Level 1.4 Throwing
 + Level 3.2 Dodging
   Level 3.0 Shields


You had 3 spell levels left.
You didn't know any spells.

Dungeon Overview and Level Annotations

Branches:
Dungeon (2/15)

Altars:
Fedhas
Nemelex Xobeh

Annotations:
D:2 Jessica


Innate Abilities, Weirdness & Mutations

Your plain brown scales are hard (AC +5).
Your body does not fit into most forms of armour.
Your cold-blooded metabolism reacts poorly to cold.


Message History

You hit the goblin.
You kill the goblin!
You feel sick.
Jessica gestures wildly while chanting.
Jessica blinks!
The adder barely misses you.
ATTACK MOVE TO (1,0)
You closely miss the adder. The adder bites you.
You are lethally poisoned!
The adder poisons you!
Jessica points at you and mumbles some strange words.
You barely resist. The adder barely misses you.
ATTACK MOVE TO (1,0)
You hit the adder but do no damage.
Your tail-slap misses the adder.
You feel sick. The adder barely misses you.
ATTACK MOVE TO (1,0)
You closely miss the adder.
You feel sick. The adder barely misses you. The adder closely misses you.
Jessica points at you and mumbles some strange words.
Pain shoots through your body!
You die...

...# #... ...# #...$..
...# ####....... ...#
#........... .%.###
#............ #(...#
#............ .(.(.###
#....@.......
.......#####.....).......
.#.....(.((.....dS.......
.#.......................
.#................######
.#...........$....#
.#................#
.####........######
...##........#
.#.##........#
.#...).......#


You could see an adder and Jessica.

Table legend:
 A = Turns spent in this place as a percentage of turns spent in the entire game.
 B = Non-inter-level travel turns spent in this place as a percentage of non-inter-level travel turns spent in the entire game.
 C = Inter-level travel turns spent in this place as a percentage of turns spent in this place.
 D = Turns resting spent in this place as a percentage of non-inter-level travel turns spent in this place.
 E = Turns spent auto-exploring this place as a percentage of non-inter-level travel turns spent in this place.
 F = Non-inter-level travel turns spent in this place divided by the number of levels of this place that you've seen.
                   A       B       C       D       E      F
               +-------+-------+-------+-------+-------+----------------------
         Total | 100.0 | 100.0 |   1.3 |   5.2 |  12.4 | 261.5
       Dungeon | 100.0 | 100.0 |   1.3 |   5.2 |  12.4 | 261.5
               +-------+-------+-------+-------+-------+----------------------

Table legend:
 A = Kills in this place as a percentage of kills in entire the game.
 B = Kills by you in this place as a percentage of kills by you in the entire game.
 C = Kills by friends in this place as a percentage of kills by friends in the entire game.
 D = Other kills in this place as a percentage of other kills in the entire game.
 E = Experience gained in this place as a percentage of experience gained in the entire game.
 F = Experience gained in this place divided by the number of levels of this place that you have seen.
                   A       B       C       D       E      F
               +-------+-------+-------+-------+-------+----------------------
         Total | 100.0 | 100.0 |  -nan |  -nan | 100.0 |  61.0
       Dungeon | 100.0 | 100.0 |  -nan |  -nan | 100.0 |  61.0
               +-------+-------+-------+-------+-------+----------------------

Vanquished Creatures
  4 adders (D:2)
  A worm (D:2)
  An ooze (D:1)
  4 bats
  2 giant cockroaches
  A hobgoblin (D:1)
  11 jackals
  A ball python (D:1)
  3 giant newts
  5 goblins
  5 kobolds
  5 rats
43 creatures vanquished.

Notes
Turn   | Place    | Note
--------------------------------------------------------------
     0 | D:1      | gw, the Draconian Fighter, began the quest for the Orb.
     0 | D:1      | Reached XP level 1. HP: 19/19 MP: 1/1
   312 | D:1      | Reached XP level 2. HP: 15/26 MP: 2/2
   811 | D:1      | Found a sparkling altar of Nemelex Xobeh.
  1116 | D:1      | Reached skill level 1 in Throwing
  1356 | D:2      | Found a blossoming altar of Fedhas.
  1679 | D:1      | Reached XP level 3. HP: 29/31 MP: 3/3
  1949 | D:2      | Reached XP level 4. HP: 26/38 MP: 4/4
  2067 | D:2      | Noticed Jessica
  2076 | D:2      | Killed from afar by Jessica

Action                   |  1- 3 |  4- 6 || total
-------------------------+-------+-------++-------
Melee: Long sword        |   138 |    19 ||   157
Throw: Stone             |    29 |    37 ||    66
  Use: Scroll            |     2 |       ||     2
       Potion            |     1 |       ||     1
  Eat: Chunk             |     3 |       ||     3

Vault maps used:
D:1:      minmay_arrival_loop, nemelex_diamond_rough_becter
D:2:      overflow_temple_1_default, minmay_bisected, uniq_jessica
